 Dungeon Crawl Stone Soup version 0.21-a0-496-g696f58f537 (webtiles) character file.

104 Infinimo the Poker (level 4, -6/35 HPs)
             Began as a Demonspawn Fighter on Nov 23, 2017.
             Killed from afar by an orc wizard (7 damage)
             ... with a magic dart
             ... on level 2 of the Dungeon.
             The game lasted 00:04:06 (2218 turns).

Infinimo the Poker (Demonspawn Fighter)             Turns: 2218, Time: 00:04:07

Health: -6/35      AC:  7    Str: 17    XL:     4   Next: 52%
Magic:  4/4        EV:  6    Int: 10    God:
Gold:   83         SH:  8    Dex: 12    Spells: 3/3 levels left

rFire    . . .     SeeInvis .   a - +0 trident
rCold    . . .     Gourm    .   c - +0 shield
rNeg     . . .     Faith    .   b - +1 scale mail
rPois    .         Spirit   .   (helmet restricted)
rElec    .         Reflect  .   (no cloak)
rCorr    .         Harm     .   (no gloves)
MR       .....                  (no boots)
Stlth    ..........             d - amulet of rage
HPRegen  0.11/turn              (no ring)
MPRegen  0.09/turn              (no ring)

@: no status effects
A: antennae 1, powered by pain 1
a: Evoke Berserk Rage


You were on level 2 of the Dungeon.
You were not hungry.

You visited 1 branch of the dungeon, and saw 3 of its levels.

You collected 83 gold pieces.

Inventory:

Hand Weapons
 a - a +0 trident (weapon)
Armour
 b - a +1 scale mail (worn)
 c - a +0 shield (worn)
Jewellery
 d - an amulet of rage (around neck)
Comestibles
 f - a bread ration
 h - a royal jelly


   Skills:
 - Level 3.0 Fighting
 + Level 4.4 Polearms
 - Level 2.6 Armour
 - Level 2.6 Shields


You had 3 spell levels left.
You didn't know any spells.

Dungeon Overview and Level Annotations

Branches:
Dungeon (3/15)

Altars:


Innate Abilities, Weirdness & Mutations

You have a pair of small antennae on your head.
You sometimes gain a little power by taking damage.


Message History

Something hits you.
* * * LOW HITPOINT WARNING * * *
You hear some strange, mumbled words.
A puff of flame appears from out of thin air!
The puff of flame hits you!
* * * LOW HITPOINT WARNING * * *
You aren't carrying any potions.
You fail to use your ability.
You fail to use your ability.
You block something's attack.
You fail to use your ability.
You block something's attack.
You fail to use your ability.
You block something's attack.
You fail to use your ability.
You fail to use your ability.
Something hits you.
* * * LOW HITPOINT WARNING * * *
You fail to use your ability.
You block something's attack.
You fail to use your ability.
You hear some strange, mumbled words.
A magic dart appears from out of thin air!
The magic dart hits you!
You die...

#............##.# #.#
#.##.......###.### #.#
#................# ##.#
#..#.......#>###.###..#
.......(.#####....<..##
#..##..(.# #.#.###.#
#.......## #.#.# #.#
#..##.### #.#.# #.#
#.###.########.#@# #.#
#...#.......##.#{###.#
###.#.#####.....o.##.#
###.#.# #..........).#
..).#.# #.#..#.#..##>#
#####.# #.##.#.#..##.#
.####.# #.##.#.#..##.#
......# #.##.#######.#
(#....# #.##.....#...#


You could see an orc.

Vanquished Creatures
  4 gnolls
  An adder (D:2)
  A worm (D:2)
  2 dart slugs
  A leopard gecko (D:1)
  2 orcs
  3 giant cockroaches
  7 goblins
  4 hobgoblins
  4 jackals (D:2)
  A ball python (D:1)
  5 bats (D:1)
  A frilled lizard (D:2)
  5 kobolds
  4 rats
45 creatures vanquished.

Notes
Turn   | Place    | Note
-------+----------+-------------------------------------------
     0 | D:1      | Infinimo the Demonspawn Fighter began the quest for the Orb.
     0 | D:1      | Reached XP level 1. HP: 18/18 MP: 1/1
    65 | D:1      | Reached skill level 2 in Polearms
   162 | D:1      | Gained mutation: You have a pair of small antennae on your head. [demonic ancestry]
   162 | D:1      | Reached XP level 2. HP: 22/24 MP: 2/2
   428 | D:1      | Reached skill level 3 in Polearms
   615 | D:2      | Gained mutation: You sometimes gain a little power by taking damage. [demonic ancestry]
   615 | D:2      | Reached XP level 3. HP: 17/29 MP: 3/3
  1239 | D:2      | HP: 1/29 [gnoll/club (3)]
  1249 | D:2      | Reached XP level 4. HP: 2/35 MP: 4/4
  1562 | D:1      | Reached skill level 4 in Polearms
  2208 | D:2      | HP: 1/35 [something/puff of flame (9)]
  2215 | D:2      | HP: 1/35 [something (1)]
  2218 | D:2      | Killed from afar by an orc wizard

Vault maps used:
D:1:      dpeg_arrival_line_fractal
D:2:      serial_co_window_serial, co_window_corner_a, co_window_paths_b,
          co_window_paths_a, co_window_paths_a, co_window_paths_b,
          co_window_cross_2, co_window_corner_cb, co_window_of_opportunity_b,
          co_window_broadway_a, co_window_paths_e, glass_columns_c,
          hangedman_decor_growths
D:3:      serial_glass, glass_columns_a, glass_columns_c, feat_on_display,
          first_bread, grunt_ministairs_6, corexii_corridor_pit, uniq_ijyb

Skill      XL: |  1  2  3  4 |
---------------+-------------+-----
Polearms       | 2 3 4 |  4.4
Fighting       | |  3.0
Armour         | |  2.6
Shields        | |  2.6

Action                   |  1- 3 |  4- 6 || total
-------------------------+-------+-------++-------
Melee: Trident           |   134 |    67 ||   201
  Use: Scroll            |     2 |     1 ||     3
       Potion            |     4 |       ||     4
  Eat: Bread ration      |       |     1 ||     1
Armor: Scale mail        |    57 |    37 ||    94
Dodge: Dodged            |    30 |    16 ||    46
Block: Shield            |    55 |    30 ||    85

Table legend:
 A = Spawn XP
 B = Non-spawn XP
 C = Spawn XP percentage of total XP
 D = Spawn monster count
 E = Non-spawn monster count
 F = Spawn count percentage of total count
 G = Total turns spent on level
                    A         B        C        D         E        F      G
               +---------+---------+-------+---------+---------+-------+---------
         Total |       0 |     149 |   0.0 |       0 |      45 |   0.0 |  2218
               +---------+---------+-------+---------+---------+-------+---------
           D:1 |       0 |      64 |   0.0 |       0 |      22 |   0.0 |   803
           D:2 |       0 |      82 |   0.0 |       0 |      22 |   0.0 |  1402
           D:3 |       0 |       3 |   0.0 |       0 |       1 |   0.0 |    13
               +---------+---------+-------+---------+---------+-------+---------
